 Dungeon Crawl Stone Soup version 0.29.1-2-gbd0b4ee654 (webtiles) character file.

Game seed: 12724892277849606825

52 styxcanada the Covered (level 3, -3/33 HPs)
             Began as a Minotaur Fighter on Oct 26, 2022.
             Slain by a gnoll
             ... wielding a +0 spear
              (7 damage)
             ... on level 2 of the Dungeon.
             The game lasted 00:03:16 (1223 turns).

styxcanada the Covered (Minotaur Fighter)           Turns: 1223, Time: 00:03:17

Health: -3/33      AC:  7    Str: 22    XL:     3   Next: 60%
Magic:  2/2        EV:  9    Int:  5    God:
Gold:   66         SH:  4    Dex:  9    Spells: 2/2 levels left

rFire   . . .      SeeInvis .   a - +0 war axe
rCold   . . .      Faith    .   c - +0 buckler
rNeg    . . .      Spirit   .   b - +0 scale mail
rPois   .          Reflect  .   (helmet restricted)
rElec   .          Harm     .   (no cloak)
rCorr   .          Rampage  .   (no gloves)
Will    .....                   (no boots)
Stlth   ..........              (no amulet)
HPRegen 0.11/turn               (no ring)
MPRegen 0.08/turn               (no ring)

@: no status effects
A: horns 2, retaliatory headbutt
a: no special abilities


You were on level 2 of the Dungeon.
You visited 1 branch of the dungeon, and saw 2 of its levels.

You collected 66 gold pieces.

Inventory:

Hand Weapons
 a - a +0 war axe (weapon)
Missiles
 g - 13 stones (quivered)
Armour
 b - a +0 scale mail (worn)
 c - a +0 buckler (worn)
Scrolls
 e - a scroll of teleportation {unknown}
 h - a scroll of enchant armour {unknown}
 i - a scroll of butterflies {unknown}
 k - a scroll of summoning {unknown}
Potions
 d - a potion of might
 f - 2 potions of brilliance {unknown}
 j - a potion of ambrosia {unknown}


   Skills:
 + Level 3.9 Fighting
 + Level 3.1 Axes
 + Level 4.6 Armour
 + Level 0.9 Dodging
 + Level 3.9 Shields


You had 2 spell levels left.
You didn't know any spells.
Your spell library was empty.

Dungeon Overview and Level Annotations

Branches:
Dungeon (2/15)

Altars:


Innate Abilities, Weirdness & Mutations

You have a pair of horns on your head.
You reflexively headbutt those who attack you in melee.


Message History

A kobold comes into view. It is wielding a +0 dagger.
You hear a shout! x2
Found a scroll labelled WUPSUZ VOYD.
You hear a shout!
A gnoll comes into view. It is wielding a +0 spear.
The ball python barely misses you. The ball python grabs you.
The ball python constricts you.
There is an open door here.
You closely miss the ball python. You headbutt the ball python.
You kill the ball python!
You barely miss the kobold. The kobold hits you with a +0 dagger.
The kobold hits you but does no damage.
You slash the kobold!
You kill the kobold!
A gnoll comes into view. It is wielding a +0 spear.
You block the gnoll's attack. The gnoll hits you with a +0 spear.
Things that are here:
a +0 dagger; a ball python corpse You hit the gnoll.
The gnoll is moderately wounded.
The gnoll hits you with a +0 spear.
A gnoll comes into view. It is wielding a +0 spear.
You barely miss the gnoll.
The gnoll is moderately wounded.
The gnoll hits you with a +0 spear! The gnoll hits you but does no damage.
You closely miss the gnoll.
You headbutt the gnoll, but do no damage.
The gnoll is moderately wounded.
You block the gnoll's attack.
The gnoll hits you from afar with a +0 spear.
You slash the gnoll!
The gnoll is severely wounded.
The gnoll hits you but does no damage. The gnoll closely misses you.
The gnoll hits you with a +0 spear!
* * * LOW HITPOINT WARNING * * *
Unknown command.
The gnoll attacks as you move away! The gnoll hits you but does no damage.
The gnoll hits you from afar with a +0 spear!
You die...

### #.. ####.## #.....#
#.?.g.####.# #...).g.....
####@#.##############
#######.#.#.............
#.....#.#.#.####.......#
#.###.#.#.#.# #.......# #.#
#.#.#...############
#.###.#.##........#####
######..>...................
..........#.#.##........######
#.#######...#.#######........#


You could see 2 gnolls.

Vanquished Creatures
  2 adders (D:2)
  A worm (D:2)
  A dart slug (D:2)
  8 ball pythons
  4 bats
  An endoplasm (D:1)
  A goblin (D:1)
  A hobgoblin (D:1)
  3 kobolds
  3 quokkas
  A frilled lizard (D:1)
  3 rats (D:1)
29 creatures vanquished.

Notes
Turn   | Place    | Note
-------+----------+-------------------------------------------
     0 | D:1      | styxcanada the Minotaur Fighter began the quest for the
                  | Orb.
     0 | D:1      | Reached XP level 1. HP: 19/19 MP: 0/0
   148 | D:1      | Reached skill level 4 in Armour
   160 | D:1      | Reached XP level 2. HP: 20/27 MP: 1/1
  1056 | D:2      | Reached XP level 3. HP: 30/33 MP: 2/2
  1223 | D:2      | Slain by a gnoll

Illustrated notes

Levels and vault maps discovered:
D:1:      minmay_arrival_stone_box, layout_loops_cross, serial_forest,
          infiniplex_forest_lined_2, infiniplex_forest_clump_tiny,
          infiniplex_forest_lined_corner, infiniplex_forest_straight_4,
          infiniplex_forest_lined_room_2, infiniplex_forest_side_room,
          infiniplex_forest_lined_corner, infiniplex_forest_pool
D:2:      layout_basic, basic_altar

Skill      XL: |  1  2  3 |
---------------+----------+-----
Armour         | 4 |  4.6
Axes           | 3 |  3.1
Fighting       | |  3.9
Dodging        | |  0.9
Shields        | |  3.9

Action                   || total
-------------------------++-------
Melee: War axe           ||    68
       Headbutt          ||    10
Armor: Scale mail        ||    35
Dodge: Dodged            ||    42
Block: Buckler           ||    22
